 Dungeon Crawl Stone Soup version 0.29-a0-1016-g236c7fd91e (webtiles) character file.

Game seed: 3021235198141112340

46 wingedge the Poker (level 3, -3/28 HPs)
             Began as a Human Wanderer on Aug 9, 2022.
             Succumbed to an orc's poison
             ... on level 3 of the Dungeon.
             The game lasted 00:03:54 (1961 turns).

wingedge the Poker (Human Wanderer)                 Turns: 1961, Time: 00:03:55

Health: -3/28      AC:  5    Str: 15    XL:     3   Next: 95%
Magic:  3/3        EV: 10    Int: 11    God:
Gold:   106        SH:  0    Dex: 12    Spells: 2/2 levels left

rFire   . . .      SeeInvis .   a - +2 spear
rCold   . . .      Faith    .   (no shield)
rNeg    . . .      Spirit   .   i - +0 ring mail
rPois   .          Reflect  .   (no helmet)
rElec   .          Harm     .   (no cloak)
rCorr   .          Rampage  .   (no gloves)
Will    .....                   (no boots)
Stlth   +.........              (no amulet)
HPRegen 0.09/turn               (no ring)
MPRegen 0.08/turn               (no ring)

@: lethally poisoned (-3 -> -21), about to teleport, hasted, very quick
A: no striking features
a: no special abilities


You were on level 3 of the Dungeon.
You visited 1 branch of the dungeon, and saw 3 of its levels.

You collected 106 gold pieces.

Inventory:

Hand Weapons
 a - a +2 spear (weapon)
 d - a +0 dagger
Missiles
 c - 19 poisoned darts (quivered)
Armour
 f - a +0 leather armour
 i - a +0 ring mail (worn)
 m - a +0 chain mail
Scrolls
 e - 4 scrolls of teleportation
 h - a scroll of identify
 j - 2 scrolls of immolation {unknown}
 n - a scroll of butterflies {unknown}
Potions
 b - 2 potions of curing
 g - 2 potions of haste
 k - a potion of degeneration {unknown}
 l - a potion of lignification {unknown}
 o - a potion of attraction {unknown}
 p - a potion of invisibility {unknown}


   Skills:
 + Level 2.6 Fighting
 - Level 4.0 Polearms
 - Level 3.0 Throwing
 - Level 2.0 Armour
 - Level 1.0 Dodging
 - Level 1.0 Invocations


You had 2 spell levels left.
You didn't know any spells.
Your spell library was empty.

Dungeon Overview and Level Annotations

Branches:
Dungeon (2/15)

Altars:
Uskayaw


Message History

You hit the orc.
The orc is heavily wounded.
An orc comes into view. It is wielding a +0 hand axe.
The orc hits you but does no damage.
You barely miss the orc.
The orc is heavily wounded.
The orc barely misses you.
You hit the orc.
The orc is severely wounded.
The orc barely misses you.
You barely miss the orc.
The orc is severely wounded.
The orc hits you but does no damage. x2
You hit the orc.
You kill the orc!
You barely miss the orc. The orc hits you but does no damage.
You hit the orc. You punch the orc, but do no damage.
The orc is almost dead.
The orc hits you with a +1 flail of venom!
You are poisoned.
The orc hits you with a +0 flail.
As you read the scroll of teleportation, it crumbles to dust.
You feel strangely unstable.
You feel very sick.
The orc hits you with a +1 flail of venom.
The endoplasm barely misses you. The orc hits you with a +0 flail.
As you read the scroll labelled UREUPH AWAH, it crumbles to dust.
It is a scroll of identify.
g - 3 potions of haste
* * * LOW HITPOINT WARNING * * *
You feel very sick.
The orc hits you with a +1 flail of venom.
* * * LOW HITPOINT WARNING * * *
You are more poisoned.
The endoplasm freezes you.
You are frozen.
* * * LOW HITPOINT WARNING * * *
The orc barely misses you.
You feel yourself speed up.
You die...

#######..### #.#..## ##.
##..........###.#...# ##
##.................#.# #
#..............#........
#.................####.#
#..............#..#
#..................#
#..................#
#..........@J......#
#.#######.ooo....... #
#.#........ #.##.......
..# ....... .#.# .......
.##. .##.... ## .# ....


You could see 3 orcs and an endoplasm.

Vanquished Creatures
  An adder (D:3)
  A dart slug (D:1)
  2 orcs (D:3)
  2 bats
  3 endoplasms
  2 giant cockroaches
  A hobgoblin (D:2)
  A quokka (D:1)
  4 ball pythons
  5 goblins
  5 kobolds
  5 rats
32 creatures vanquished.

Notes
Turn   | Place    | Note
-------+----------+-------------------------------------------
     0 | D:1      | wingedge the Human Wanderer began the quest for the Orb.
     0 | D:1      | wingedge set off with the following items: a +2 spear, a
                  | potion of curing, 13 poisoned darts, a +0 dagger, a scroll
                  | of teleportation, a +0 leather armour.
     0 | D:1      | Reached XP level 1. HP: 15/15 MP: 1/1
   630 | D:1      | Reached XP level 2. HP: 22/22 MP: 2/2
  1146 | D:1      | Found a faded altar of an unknown god.
  1247 | D:1      | Reached skill level 1 in Dodging
  1389 | D:2      | Reached XP level 3. HP: 26/27 MP: 3/3
  1716 | D:2      | You fall into a shaft and drop 1 floor!
  1745 | D:3      | Found a hide-covered altar of Uskayaw.
  1960 | D:3      | HP: 1/28 [frozen (3)]
  1961 | D:3      | Succumbed to an orc's poison

Illustrated notes

Levels and vault maps discovered:
D:1:      nicolae_arrival_somewhat_less_tricky_arrival, layout_basic,
          shapermc_ecumenical_altar_flowoftime, dreamdust_princess_bridge,
          nicolae_hexahallways, supply_closet_lemuel
D:2:      layout_rooms, minmay_unequal
D:3:      layout_rooms, nicolae_uskayaw_dance_hall, serial_corexii_hall,
          chequers_hall_statues_y, chequers_hall_statues_y,
          corexii_hall_statues_t, minmay_misc_feat_enclosed,
          minmay_misc_feat_four_crosses, grunt_ministairs_3

Skill      XL: |  1  2  3 |
---------------+----------+-----
Fighting       | 2 |  2.6
Dodging        | 1 |  1.0
Armour         | 2 |  2.0
Polearms       | |  4.0
Throwing       | |  3.0
Invocations    | |  1.0

Action                   || total
-------------------------++-------
Melee: Spear             ||   110
       Punch             ||     2
Throw: Dart              ||     2
  Use: Scroll            ||     2
       Potion            ||     1
Armor: Leather armour    ||     3
       Ring mail         ||    20
Dodge: Dodged            ||    40

Table legend: (Time is in decaauts)
 A = Elapsed time spent in this place.
 B = Non-inter-level travel time spent in this place.
 C = Inter-level travel time spent in this place.
 D = Time resting spent in this place.
 E = Time spent auto-exploring this place.
 F = Levels seen in this place.
 G = Mean time per level.
                   A        B        C        D        E       F      G
               +--------+--------+--------+--------+--------+-----+--------+
         Total |   1949 |   1863 |     86 |    272 |   1249 |   3 |  649.7 |
       Dungeon |   1949 |   1863 |     86 |    272 |   1249 |   3 |  649.7 |
               +--------+--------+--------+--------+--------+-----+--------+

Top non-repeatable levels by time:
     D:1: 1366 daAuts
     D:2: 341 daAuts
     D:3: 241 daAuts
